 Dungeon Crawl Stone Soup version 0.27-a0-1186-g8b4daa1eef (webtiles) character file.

Game seed: 11918325725318023869

468 MBI the Chucker (level 7, -1/70 HPs)
             Began as an Ogre Hunter on May 19, 2021.
             Was a Priest of Nemelex Xobeh.
             Killed from afar by an orc wizard (10 damage)
             ... with a magic dart
             ... on level 4 of the Dungeon.
             The game lasted 00:26:52 (4041 turns).

MBI the Chucker (Ogre Hunter)                       Turns: 4041, Time: 00:26:52

Health: -1/70      AC:  3    Str: 19    XL:     7   Next: 8%
Magic:  7/7        EV: 10    Int: 18    God:    Nemelex Xobeh [***...]
Gold:   188        SH:  0    Dex:  9    Spells: 6/6 levels left

rFire    . . .     SeeInvis .   p - +3 short sword (venom)
rCold    . . .     Faith    .   (no shield)
rNeg     . . .     Spirit   .   b - +0 robe
rPois    .         Reflect  .   (helmet restricted)
rElec    .         Harm     .   (no cloak)
rCorr    .         Rampage  .   (gloves unavailable)
Will     .....                  (boots unavailable)
Stlth    +.........             (no amulet)
HPRegen  0.21/turn              u - +6 ring of intelligence
MPRegen  0.10/turn              (no ring)

@: no status effects
A: large, unfitting armour, tough skin 1
a: Renounce Religion, Draw Escape, Draw Destruction, Draw Summoning, Triple Draw


You were on level 4 of the Dungeon.
You worshipped Nemelex Xobeh.
Nemelex Xobeh was most pleased with you.
You visited 1 branch of the dungeon, and saw 4 of its levels.

You collected 188 gold pieces.

Inventory:

Hand Weapons
 p - a +3 short sword of venom (weapon)
Missiles
 a - 2 javelins
 d - 2 throwing nets
 j - 77 stones (quivered)
 s - 30 poisoned darts
 t - 3 large rocks
Armour
 b - a +0 robe (worn)
Jewellery
 h - a ring of wizardry
 u - a +6 ring of intelligence (left hand)
Wands
 c - a wand of paralysis (4)
 v - a wand of digging (5)
Scrolls
 e - a scroll of acquirement {unknown}
 f - a scroll of blinking {unknown}
 k - 3 scrolls of teleportation {unknown}
 m - a scroll of identify {unknown}
 n - a scroll of enchant armour {unknown}
 o - 2 scrolls of magic mapping {unknown}
 r - a scroll of vulnerability {unknown}
Potions
 g - 4 potions of curing {unknown}
 i - a potion of degeneration {unknown}
 l - a potion of cancellation {unknown}
 q - a potion of mutation {unknown}


   Skills:
 + Level 4.3 Fighting
 + Level 3.8 Short Blades
 + Level 5.2 Throwing
 + Level 3.2 Dodging
 + Level 1.5 Stealth


You had 6 spell levels left.
You didn't know any spells.
Your spell library was empty.

Dungeon Overview and Level Annotations

Branches:
Dungeon (4/15)
 Temple: D:4-7

Altars:
Nemelex Xobeh
Vehumet


Innate Abilities, Weirdness & Mutations

You are too large for most types of armour.
You have tough skin. (AC +1)


Message History

The orc closely misses you.
Throw: 79 stones
Press: ? - help, Q - select action, (/) - cycle Shift-Dir - straight line, f/p - orc
Aim: an orc, wielding a +3 trident (59% to hit)
You throw a stone. The stone barely misses the orc.
The stone barely misses the orc priest.
The stone hits the ogre.
The ogre is lightly wounded.
The orc hits you from afar with a +3 trident.
You hit the orc.
You kill the orc!
The orc priest mumbles some strange prayers to Beogh against you.
Beogh smites you! The orc barely misses you.
Things that are here:
a +0 whip; a +0 leather armour; an orc corpse The orc priest invokes the aid of Beogh against you.
Beogh smites you!
The orc hits you from afar with a +3 trident.
There is an open door here.
Things that are here:
a +0 dagger; a +0 short sword Throw: 78 stones
Press: ? - help, Q - select action, (/) - cycle Shift-Dir - straight line, f/p - orc
Aim: an orc, wielding a +3 trident (59% to hit)
You throw a stone. The stone hits the orc.
The orc is lightly wounded.
The orc misses you. Something hits you. The ogre barely misses you.
Something hits you.
The orc hits you from afar with a +3 trident!
You puncture the ogre!
The ogre is poisoned.
The ogre is heavily wounded.
The ogre hits you with a +0 giant club!
* * * LOW HITPOINT WARNING * * *
The orc hits you but does no damage.
You hear some strange, mumbled words.
A magic dart appears from out of thin air!
The magic dart hits you!
You die...
Your body disappears without a glow.

###....##.....# #...#
######.##.....# #..(#
#......##.....# #...#
#'#######.....# #.(.#
........# #...# #
........# ##(.)#...#
........# #oo))(()(.
...#############O####....
................@{# .
..................#
..................#
..................#
....................
....................#
......##########....#
......# #....# #....#


You could see an ogre (very poisoned), an orc priest and an orc.

Vanquished Creatures
  Sigmund (D:2)
  Ijyb (D:3)
  Terence (D:2)
  Natasha (thrice) (D:2)
  Robin (D:3)
  A gnoll (D:2)
  A howler monkey skeleton (D:4)
  4 adders
  A dart slug (D:3)
  2 worms
  16 orcs
  3 bats
  8 endoplasms
  2 giant cockroaches (D:1)
  15 goblins
  8 hobgoblins
  7 jackals
  5 kobolds
  2 quokkas
  6 ball pythons
  A frilled lizard (D:3)
  6 rats
95 creatures vanquished.

Notes
Turn   | Place    | Note
-------+----------+-------------------------------------------
     0 | D:1      | MBI the Ogre Hunter began the quest for the Orb.
     0 | D:1      | Reached XP level 1. HP: 22/22 MP: 1/1
   270 | D:1      | Reached XP level 2. HP: 22/29 MP: 2/2
   546 | D:1      | Reached XP level 3. HP: 9/36 MP: 3/3
   801 | D:1      | Found a faded altar of an unknown god.
   807 | D:1      | Became a worshipper of Nemelex Xobeh the Trickster
   807 | D:1      | Reached * piety under Nemelex Xobeh
  1477 | D:2      | Noticed Terence
  1479 | D:2      | Killed Terence
  1480 | D:2      | Reached skill level 1 in Short Blades
  1480 | D:2      | Reached XP level 4. HP: 45/45 MP: 4/4
  1589 | D:2      | Reached skill level 1 in Stealth
  2015 | D:2      | Noticed Sigmund
  2018 | D:2      | Killed Sigmund
  2019 | D:2      | Reached XP level 5. HP: 33/54 MP: 5/5
  2019 | D:2      | Reached XP level 6. HP: 38/62 MP: 6/6
  2207 | D:2      | Noticed Natasha
  2213 | D:2      | Killed Natasha
  2249 | D:2      | Noticed Natasha
  2252 | D:2      | Killed Natasha
  2310 | D:2      | Received a gift from Nemelex Xobeh
  2434 | D:2      | Noticed Natasha
  2437 | D:2      | Killed Natasha
  2438 | D:2      | Reached skill level 5 in Throwing
  2570 | D:3      | Reached ** piety under Nemelex Xobeh
  2682 | D:3      | Noticed Robin
  2714 | D:3      | Killed Robin
  3035 | D:3      | Noticed Ijyb
  3040 | D:3      | Killed Ijyb
  3111 | D:3      | Received a gift from Nemelex Xobeh
  3648 | D:4      | Found a radiant altar of Vehumet.
  3665 | D:4      | Reached XP level 7. HP: 70/70 MP: 7/7
  3913 | D:4      | Reached *** piety under Nemelex Xobeh
  4041 | D:4      | Killed from afar by an orc wizard

Illustrated notes

Levels and vault maps discovered:
D:1:      giann_bridges, layout_rooms, basic_ecumenical_altar,
          minmay_tetromino_o2
D:2:      minmay_recursive_quarters, layout_loops_ring, uniq_terence,
          uniq_sigmund, uniq_natasha
D:3:      layout_basic, uniq_robin, uniq_ijyb
D:4:      layout_basic, grunt_temple_overflow_open, doesnt_xom_only_xom,
          lemuel_round_altar, chequers_temple_overflow_minitemple

Skill      XL: |  1  2  3  4  5  6 |
---------------+-------------------+-----
Dodging        | 2 3 |  3.2
Fighting       | 3 4 |  4.3
Short Blades   | 1 2 3 |  3.8
Stealth        | 1 |  1.5
Throwing       | 5 |  5.2

Action                   |  1- 3 |  4- 6 |  7- 9 || total
-------------------------+-------+-------+-------++-------
Melee: Short sword       |   106 |    95 |    30 ||   231
Throw: Large rock        |     4 |    16 |       ||    20
       Javelin           |       |     2 |       ||     2
       Stone             |       |     1 |    16 ||    17
       Dart              |       |     1 |       ||     1
Invok: Draw Destruction  |       |     1 |     1 ||     2
 Stab: Sleeping          |     2 |     1 |       ||     3
Armor: Robe              |    35 |    19 |     5 ||    59
Dodge: Dodged            |    54 |    38 |    15 ||   107

Table legend: (Time is in decaauts)
 A = Elapsed time spent in this place.
 B = Non-inter-level travel time spent in this place.
 C = Inter-level travel time spent in this place.
 D = Time resting spent in this place.
 E = Time spent auto-exploring this place.
 F = Levels seen in this place.
 G = Mean time per level.
                   A        B        C        D        E       F      G
               +--------+--------+--------+--------+--------+-----+--------+
         Total |   4055 |   3978 |     77 |   1170 |   1783 |   4 | 1013.8 |
       Dungeon |   4055 |   3978 |     77 |   1170 |   1783 |   4 | 1013.8 |
               +--------+--------+--------+--------+--------+-----+--------+

Top non-repeatable levels by time:
     D:2: 1420 daAuts
     D:1: 1136 daAuts
     D:3: 1099 daAuts
     D:4: 399 daAuts
